 Dungeon Crawl Stone Soup version 0.30-a0-457-g4b7bca3bfa (webtiles) character file.

Game seed: 13749369374606373558

843 bmack86 the Chopper (level 7, -1/62 HPs)
             Began as a Minotaur Fighter on Dec 14, 2022.
             Slain by Pikel
             ... wielding a +2 whip of electrocution
              (8 damage)
             ... on level 5 of the Dungeon.
             The game lasted 00:11:12 (3411 turns).

bmack86 the Chopper (Minotaur Fighter)              Turns: 3411, Time: 00:11:13

Health: -1/62      AC: 16    Str: 23    XL:     7   Next: 68%
Magic:  6/6        EV:  6    Int:  5    God:
Gold:   382        SH:  4    Dex:  9    Spells: 6/6 levels left

rFire   . . .      SeeInvis .    a - +0 war axe
rCold   . . .      Faith    .    c - +0 buckler
rNeg    . . .      Spirit   .    q - +0 plate armour
rPois   .          Reflect  .    (helmet restricted)
rElec   .          Harm     .    (no cloak)
rCorr   .          Rampage  .    (no gloves)
Will    .....                    (no boots)
Stlth   ..........               (no amulet)
HPRegen 0.30/turn                o - +4 ring of protection
MPRegen 0.10/turn                (no ring)

@: no status effects
A: horns 2, retaliatory headbutt
a: no special abilities


You were on level 5 of the Dungeon.
You visited 1 branch of the dungeon, and saw 5 of its levels.

You collected 382 gold pieces.

Inventory:

Hand Weapons
 a - a +0 war axe (weapon)
 f - a +1 falchion of electrocution
Missiles
 s - 10 poisoned darts (quivered)
Armour
 b - a +0 scale mail
 c - a +0 buckler (worn)
 q - a +0 plate armour (worn)
Jewellery
 o - a +4 ring of protection (left hand)
Wands
 w - a wand of roots (6)
Scrolls
 k - 2 scrolls of vulnerability
 l - a scroll of silence
 m - a scroll of fear
 p - a scroll of teleportation
 v - a scroll of amnesia
 y - a scroll of identify
Potions
 d - a potion of might
 e - a potion of flight {unknown}
 g - a potion of mutation {unknown}
 h - a potion of resistance {unknown}
 i - a potion of heal wounds {unknown}
 j - a potion of attraction {unknown}
 n - a potion of invisibility {unknown}
 r - a potion of brilliance {unknown}
 t - 2 potions of curing {unknown}
 u - a potion of degeneration {unknown}
 x - 2 potions of magic {unknown}


   Skills:
 + Level 5.8 Fighting
 + Level 7.0 Axes
 + Level 6.2 Armour
 + Level 1.6 Dodging
 + Level 5.0 Shields


You had 6 spell levels left.
You didn't know any spells.
Your spell library contained the following spells:

 Spells                   Type           Power      Damage    Failure   Level
 Gell's Gravitas          Tloc           0%         N/A       100%        3
 Ozocubu's Armour         Ice            0%         N/A       100%        3
 Teleport Other           Tloc           0%         N/A       100%        3
 Dispersal                Tloc           0%         N/A       100%        6
 Ozocubu's Refrigeration  Ice            0%         4d7       100%        7


Dungeon Overview and Level Annotations

Branches:
Dungeon (5/15)
 Temple: D:4-7

Altars:

Shops:
D:3 *

Annotations:
D:5 Pikel


Innate Abilities, Weirdness & Mutations

You have a pair of horns on your head.
You reflexively headbutt those who attack you in melee.


Message History

You hit the lemure but do no damage. Pikel hits you but does no damage.
The lemure hits you. x2; The lemure barely misses you.
The lemure hits you but does no damage.
You barely miss Pikel.
Pikel is severely wounded.
You closely miss the lemure. You barely miss the lemure. You hit the lemure.
You barely miss the lemure. Pikel hits you but does no damage.
The lemure hits you but does no damage. x2; You block the lemure's attack.
The lemure hits you.
You closely miss Pikel.
Pikel is severely wounded.
You barely miss the lemure. You closely miss the lemure. You slash the lemure!
You closely miss the lemure. Pikel closely misses you.
You block the lemure's attack. The lemure hits you.
The lemure hits you but does no damage. The lemure barely misses you.
Unknown command.
You hit Pikel.
Pikel is severely wounded.
You miss the lemure. You barely miss the lemure. You hit the lemure.
You closely miss the lemure. Pikel hits you but does no damage.
The lemure hits you but does no damage. The lemure barely misses you.
The lemure hits you but does no damage. You block the lemure's attack.
Pikel hits you with a +2 whip of electrocution!
* * * LOW HITPOINT WARNING * * *
The lemure hits you but does no damage. x2; The lemure hits you.
* * * LOW HITPOINT WARNING * * *
The lemure barely misses you. You furiously retaliate!
You headbutt the lemure!
You kill the lemure!
That felt strangely unrewarding.
You closely miss Pikel.
Pikel is severely wounded.
You hit the lemure. You slash the lemure! You hit the lemure.
You kill the lemure!
That felt strangely unrewarding.
You block the lemure's attack. The lemure hits you!
* * * LOW HITPOINT WARNING * * *
Pikel hits you with a +2 whip of electrocution.
* * * LOW HITPOINT WARNING * * *
You are electrocuted!
You die...

#......+ #......#
##......###
..........#
..........#
..........# #..5...# .
#K@5# .. #####...#
##... #.......+.....#
#.###...#....# #.#
###...# #.###...###
#.##..###
###########.#..######
.....#................


You could see Pikel and 2 lemures.

Vanquished Creatures
  A water moccasin (D:5)
  2 lemures (D:5)
  3 phantoms (D:4)
  2 necrophages
  A scorpion (D:4)
  An iguana (D:5)
  An orc wizard (D:2)
  7 gnolls (D:5)
  6 adders
  2 worms
  A dart slug (D:2)
  9 orcs
  3 ball pythons
  2 bats (D:2)
  6 endoplasms
  3 giant cockroaches
  29 goblins
  37 hobgoblins
  11 jackals
  2 frilled lizards (D:2)
  11 kobolds
  5 rats
145 creatures vanquished.

Notes
Turn   | Place    | Note
-------+----------+-------------------------------------------
     0 | D:1      | bmack86 the Minotaur Fighter began the quest for the Orb.
     0 | D:1      | Reached XP level 1. HP: 19/19 MP: 0/0
   410 | D:1      | Reached XP level 2. HP: 27/27 MP: 1/1
   749 | D:2      | Reached XP level 3. HP: 19/33 MP: 2/2
   996 | D:2      | Reached skill level 3 in Axes
  1057 | D:2      | HP: 1/34 [something/magic dart (6)]
  1064 | D:2      | Reached XP level 4. HP: 4/41 MP: 3/3
  1462 | D:3      | Found Jutreuth's Assorted Antiques.
  1474 | D:3      | Reached skill level 1 in Dodging
  2172 | D:4      | Reached XP level 5. HP: 34/47 MP: 4/4
  2263 | D:4      | Reached skill level 5 in Fighting
  2340 | D:4      | Reached skill level 5 in Armour
  2377 | D:4      | Noticed a phantom
  2377 | D:4      | Noticed a phantom
  2383 | D:4      | Killed a phantom
  2384 | D:4      | Reached skill level 4 in Axes
  2384 | D:4      | Reached XP level 6. HP: 56/56 MP: 5/5
  2492 | D:4      | Reached skill level 5 in Axes
  2612 | D:4      | Identified the +1 robe of Twilight {rN+ Str+8 Dex-2 Slay+2}
  2711 | D:5      | Entered Level 5 of the Dungeon
  2775 | D:5      | Reached XP level 7. HP: 56/61 MP: 6/6
  2812 | D:5      | Reached skill level 6 in Axes
  3191 | D:5      | Reached skill level 5 in Shields
  3192 | D:5      | Reached skill level 7 in Axes
  3395 | D:5      | Noticed Pikel
  3411 | D:5      | Slain by Pikel

Illustrated notes

Levels and vault maps discovered:
D:1:      grunt_arrival_crossed_arrows, layout_loops_ring, hex_medium,
          roderic_serpentine_path, solitary_fountain
D:2:      layout_rooms
D:3:      layout_basic, serial_shops, nicolae_shop_advertising_works
          [nicolae_subvault_shop_adworks], nrook_uturn
D:4:      minmay_angry_zag, layout_basic
D:5:      minmay_goblin_kobold_castle, layout_basic, serial_shops, shop,
          uniq_pikel

Skill      XL: |  1  2  3  4  5  6  7 |
---------------+----------------------+-----
Shields        | 4 5 |  5.0
Fighting       | 4 5 |  5.8
Armour         | 4 5 6 |  6.2
Axes           | 3 4 5 7 |  7.0
Dodging        | 1 |  1.6

Action                   |  1- 3 |  4- 6 |  7- 9 || total
-------------------------+-------+-------+-------++-------
Melee: War axe           |    69 |   122 |   127 ||   318
       Headbutt          |     5 |    14 |    18 ||    37
  Use: Scroll            |     2 |     5 |       ||     7
       Potion            |     1 |       |       ||     1
Armor: Scale mail        |    82 |     9 |       ||    91
       Plate armour      |       |   113 |   117 ||   230
Dodge: Dodged            |    29 |    48 |    62 ||   139
Block: Buckler           |    19 |    36 |    39 ||    94

Table legend: (Time is in decaauts)
 A = Elapsed time spent in this place.
 B = Non-inter-level travel time spent in this place.
 C = Inter-level travel time spent in this place.
 D = Time resting spent in this place.
 E = Time spent auto-exploring this place.
 F = Levels seen in this place.
 G = Mean time per level.
                   A        B        C        D        E       F      G
               +--------+--------+--------+--------+--------+-----+--------+
         Total |   3508 |   3467 |     41 |    289 |   2017 |   5 |  701.6 |
       Dungeon |   3508 |   3467 |     41 |    289 |   2017 |   5 |  701.6 |
               +--------+--------+--------+--------+--------+-----+--------+

Top non-repeatable levels by time:
     D:2: 754 daAuts
     D:5: 730 daAuts
     D:1: 727 daAuts
     D:3: 713 daAuts
     D:4: 582 daAuts
